[Event "Early-Titled-Tuesday-Blitz-August-29-2023"]
[Site "Chess.com"]
[Date "2023.08.29"]
[Round "7"]
[White "DeArron_Fox"]
[Black "AleksandraMilovic"]
[Result "0-1"]
[WhiteElo "2485"]
[BlackElo "2133"]
[TimeControl "180+1"]
[EndTime "9:17:08 PDT"]
[Termination "AleksandraMilovic won on time"]

1. d4 d5 2. c4 e6 3. Nc3 Nf6 4. cxd5 exd5 5. Bg5 Be7 6. e3 c6 7. Bd3 Nbd7 8. Qc2 h6 9. Bh4 Nh5 10. Bxe7 Qxe7 11. Nge2 Nb6 12. O-O O-O 13. Rae1 Bg4 14. Nc1 Nf6 15. f3 Bd7 16. Qf2 Qd6 17. Nb3 Rae8 18.
e4 dxe4 19. fxe4 Ng4 20. Qh4 a5 21. e5 Qb4 22. h3 Nxe5 23. Bb1 a4 24. a3 Qxb3 25.
dxe5 Qxb2 26. Nxa4 Nxa4 27. Qxa4 Rxe5 28. Rd1 Qb6+ 29.
Kh1 Be6 30. Qc2 g6 31. Qd2 Rh5 32. Be4 Ra8 33. Bf3 Rg5 34. Qf2 Qxf2 35. Rxf2 Bd5 36. Rb2 Bxf3 37. gxf3 Rxa3 38. Rxb7 Rxf3 39. Kh2 Rf2+ 40.
Kh1 Rd5 41. Re1 Rdf5 42. Kg1 R2f3 43. Re8+ Kg7 44. Rbb8 c5 45. Rg8+ Kf6 46. Rb6+ Kg5 47. Rb7 Kh4 0-1

[Event "Early-Titled-Tuesday-Blitz-August-29-2023"]
[Site "Chess.com"]
[Date "2023.08.29"]
[Round "7"]
[White "jk13"]
[Black "VerdeNotte"]
[Result "1-0"]
[WhiteElo "2670"]
[BlackElo "2889"]
[TimeControl "180+1"]
[EndTime "9:17:10 PDT"]
[Termination "jk13 won by resignation"]

1. e4 e5 2. Nf3 Nc6 3. Bc4 Nf6 4. d3 Bc5 5. c3 d6 6. Bb3 a5 7. Nbd2 O-O 8. O-O Be6 9. Bc2 d5 10. h3 b5 11. Qe2 dxe4 12. dxe4 Qb8 13. a4 b4 14. Nc4 Nd7 15. Ng5 Re8 16. Nxe6 Rxe6 17. Ne3 Ne7 18. Nf5 Nxf5 19. exf5 Re8 20. Be4 Ra7 21.
Bg5 Be7 22. Be3 Bc5 23. Bc6 Rd8 24. Rad1 Bxe3 25. Qxe3 Nb6 26. Qxe5 Rd6 27. Rfe1 h6 28. Bb5 Ra8 29. cxb4 axb4 30. b3 Qf8 31. Rxd6 cxd6 32. Qd4 Rb8 33. Qxb4 Nd5 34. Qd4 Nf6 35. Re3 d5 36.
Re5 Qa3 37. Qe3 Qa1+ 38. Kh2 d4 39. Qg3 Qb1 40. Re7 Qxf5 41. Qxb8+ Kh7 42. Qg3 Ng8 43. Bd3 Nxe7 44. Bxf5+ Nxf5 45. Qd3 g6 46. a5 1-0

[Event "Early-Titled-Tuesday-Blitz-August-29-2023"]
[Site "Chess.com"]
[Date "2023.08.29"]
[Round "7"]
[White "Henryk_S"]
[Black "IngOscarArdila"]
[Result "0-1"]
[WhiteElo "2122"]
[BlackElo "2312"]
[TimeControl "180+1"]
[EndTime "9:17:11 PDT"]
[Termination "IngOscarArdila won on time"]

1. e4 e5 2. Nf3 Nf6 3. Nc3 Nc6 4. Bb5 Bb4 5. O-O O-O 6. d3 d6 7. Bg5 Bxc3 8. bxc3 Qe7 9. Bxc6 bxc6 10. c4 Rb8 11.
Rb1 Rb6 12. Rb3 Bg4 13. h3 Bh5 14. g4 Bg6 15. Qd2 Qe6 16. Bxf6 Qxf6 17. Kg2 h5 18. Qg5 Qxg5 19. Nxg5 Re8 20. f4 f6 21. f5 Bf7 22.
Nxf7 Kxf7 23. gxh5 Rh8 24. Rf3 Rxh5 25. Rg3 Rh8 26.
Rg4 a5 27. Rxb6 cxb6 28. Kh2 a4 29. Rg1 b5 30. Rb1 bxc4 31. Rb7+ Kg8 32. dxc4 Rh4 33.
Rc7 Rxe4 34. Rxc6 Re2+ 35. Kg3 Rxc2 36. Kg4 Rxa2 37. Rxd6 Rc2 38. Rc6 a3 39. Kh5 Kh7 40.
h4 a2 41. Ra6 Rg2 42. c5 Rc2 43. c6 Rg2 44. Ra8 Rc2 45. Ra6 e4 46. Ra3 Rxc6 47. Rxa2 Rc5 48. Kg4 Re5 49. Re2 Kh6 50. Kf4 Kh5 0-1

[Event "Early-Titled-Tuesday-Blitz-August-29-2023"]
[Site "Chess.com"]
[Date "2023.08.29"]
[Round "7"]
[White "wannabe2700"]
[Black "MetiForce"]
[Result "1-0"]
[WhiteElo "2655"]
[BlackElo "2879"]
[TimeControl "180+1"]
[EndTime "9:17:13 PDT"]
[Termination "wannabe2700 won by resignation"]

1. c3 f5 2. d4 Nf6 3. g3 g6 4. Bg2 Bg7 5. Nd2 O-O 6. e4 d6 7. Qe2 Nc6 8. e5 dxe5 9. dxe5 Ng4 10. f4 Be6 11. Ngf3 Kh8 12. Ng5 Bd5 13. Ndf3 h6 14. h3 Ngxe5 15. Nxe5 Nxe5 16. fxe5 hxg5 17. Bxg5 Bxg2 18.
Qxg2 Bxe5 19. O-O Qd6 20. Rad1 Qb6+ 21. Kh1 Rae8 22. Rfe1 Bf6 23. Qd2 Kg7 24. Bh6+ Kf7 25. Bxf8 Rxf8 26. Qd5+ Kg7 27. Re2 c6 28. Qf3 Qa6 29.
a3 Qb5 30. Rd7 Rf7 31. Kg2 a5 32. Qd3 Qb3 33. c4 Qxd3 34. Rxd3 e5 35. b4 a4 36. Red2 e4 37. Rd7 g5 38. Rxf7+ Kxf7 39. Rd7+ Ke6 40.
Rxb7 f4 41. Rb6 f3+ 42. Kf1 Bb2 43. Rxc6+ Ke5 44. Rc8 e3 45. Re8+ Kd4 46. c5 Kd3 47. c6 Bd4 48. Rxe3+ Bxe3 49. c7 Bc1 50. c8=Q Bxa3 51.
Qa6+ Kc3 52. Qxa4 Bxb4 53. Qc6+ Kd4 54. Qxf3 Bd6 55. Qg4+ Ke5 56. Qxg5+ Ke6 57. Qg6+ Ke5 58. Qg5+ Ke6 59. Qg4+ Kf6 60. Kg2 Be5 61. h4 Bxg3 62.
Qxg3 1-0

[Event "Early-Titled-Tuesday-Blitz-August-29-2023"]
[Site "Chess.com"]
[Date "2023.08.29"]
[Round "7"]
[White "ValentunHulka"]
[Black "biostatistician"]
[Result "1-0"]
[WhiteElo "2756"]
[BlackElo "2579"]
[TimeControl "180+1"]
[EndTime "9:17:13 PDT"]
[Termination "ValentunHulka won on time"]

1. d4 Nf6 2. c4 g6 3. Nc3 Bg7 4. e4 d6 5. Nf3 O-O 6. h3 c5 7.
Be3 cxd4 8. Nxd4 Nc6 9. Qd2 Bd7 10. f3 Nh5 11. O-O-O Ng3 12. Rg1 Qa5 13. Kb1 Rac8 14. Qf2 Nxf1 15. Qxf1 Ne5 16. Nb3 Qa6 17. c5 Nc4 18.
Bd4 e5 19. Bf2 Be6 20. Nd5 Bxd5 21. Rxd5 dxc5 22. Nxc5 Qb5 23. b3 Rxc5 24. Bxc5 Nd2+ 25. Rxd2 Qxc5 26. Qc1 Qe3 27. Re1 Qb6 28. Qc4 Bh6 29.
Rd7 Bf4 30. Qd5 Qf2 31. Rd1 Qxg2 32. Qd3 Qxh3 33. Rxb7 a5 34. Rd7 a4 35. Rd8 axb3 36. Rxf8+ Kxf8 37. axb3 Kg7 38. b4 h5 39. b5 Qc8 40.
Kb2 h4 41. Kb3 h3 42. Qc4 Qb7 43. Qc6 Qa7 44. b6 Qa6 45. Qc5 h2 46. Qb4 1-0

[Event "Early-Titled-Tuesday-Blitz-August-29-2023"]
[Site "Chess.com"]
[Date "2023.08.29"]
[Round "7"]
[White "Goi_Manne"]
[Black "Sunny_Star"]
[Result "1-0"]
[WhiteElo "2318"]
[BlackElo "2078"]
[TimeControl "180+1"]
[EndTime "9:17:13 PDT"]
[Termination "Goi_Manne won on time"]

1. e4 b6 2. d4 Bb7 3. Bd3 d6 4. Nf3 Nd7 5. O-O e5 6. c3 Be7 7. Re1 Ngf6 8. h3 O-O 9. a4 a5 10. Na3 Re8 11. Nc2 Bf8 12. Bg5 Qb8 13. Qd2 exd4 14.
Ncxd4 Nxe4 15. Bxe4 Bxe4 16. Qf4 Bb7 17. Qg3 Kh8 18.
Rxe8 Qxe8 19. Re1 Qc8 20. Nf5 f6 21. Bd2 Ne5 22. Nxe5 dxe5 23. Ne3 Qd7 24. Rd1 Qxa4 25.
Bc1 Qc6 26. h4 h6 27. Nf5 Qe4 28. Ne3 a4 29. Rd7 Qc6 30. Qg4 a3 31. bxa3 Qxc3 32. Rd1 Qc6 33. h5 Qe8 34. Nf5 Bc8 35. Qf3 Bxf5 36. Qxf5 Bxa3 37. Bxa3 Rxa3 38. Rd7 Ra1+ 39. Kh2 Ra8 40. Rxc7 b5 41. Qg4 Qf8 42. Rb7 Ra4 43. Qd7 Rh4+ 44. Kg1 Rxh5 45. Rxb5 Kh7 46. Rb7 1-0

[Event "Early-Titled-Tuesday-Blitz-August-29-2023"]
[Site "Chess.com"]
[Date "2023.08.29"]
[Round "7"]
[White "Andrei_Skvortsov"]
[Black "Vaibhavraut99"]
[Result "0-1"]
[WhiteElo "2680"]
[BlackElo "2579"]
[TimeControl "180+1"]
[EndTime "9:17:15 PDT"]
[Termination "Vaibhavraut99 won by resignation"]

1. e4 c5 2. d4 cxd4 3. Qxd4 Nc6 4. Qd3 Nf6 5. Nc3 d6 6. Bg5 e6 7. Nf3 Be7 8. O-O-O a6 9. Nd4 Bd7 10. f4 h6 11. Bh4 g5 12. Nxc6 Bxc6 13. fxg5 Ng4 14. Kb1 h5 15. h3 Ne5 16. Qe3 Rg8 17. Be2 Bxg5 18. Bxg5 Qxg5 19. Qb6 Rd8 20. h4 Qg6 21. g3 Bxe4 22. Nxe4 Qxe4 23. Bxh5 Rxg3 24. Rdf1 Rg2 25.
Qc7 Rd7 26. Qc8+ Ke7 27. Bd1 Qh7 28. h5 Rg8 29. Qc3 b5 30. h6 Rg6 31. Qh3 Rd8 32.
Qh4+ Kd7 33. a3 Rh8 34. Qe4 Rc8 35. Qb7+ Rc7 36. Qxa6 Rxh6 37. Qxb5+ Ke7 38. Qb6 Rd7 39. Rhg1 Nc4 40. Qd4 Rh4 41. Qc3 Rb7 42. b3 Nxa3+ 43. Kb2 Nc4+ 44. Kb1 Ne5 45. Qe3 Qh6 46. Qg3 Nc4 47.
Qc3 Qh8 48. Re1 Qxc3 0-1

[Event "Early-Titled-Tuesday-Blitz-August-29-2023"]
[Site "Chess.com"]
[Date "2023.08.29"]
[Round "7"]
[White "RIPOL"]
[Black "chess123456s"]
[Result "0-1"]
[WhiteElo "2445"]
[BlackElo "2645"]
[TimeControl "180+1"]
[EndTime "9:17:15 PDT"]
[Termination "chess123456s won on time"]

1. d4 d5 2. c4 dxc4 3. e3 Nf6 4. Bxc4 e6 5. Nf3 c5 6. Qe2 a6 7. O-O Be7 8. e4 b5 9. Bb3 c4 10. Bc2 Bb7 11. b3 cxb3 12. axb3 O-O 13. Bb2 Nc6 14. Nbd2 Rc8 15. Rac1 Qa5 16. d5 exd5 17. e5 Nd7 18. Bf5 Rcd8 19. e6 fxe6 20. Qxe6+ Kh8 21. Rxc6 Bxc6 22.
Qxe7 Nf6 23. b4 Qb6 24. Bd4 Qb8 25. Ne5 Rde8 26. Qc5 Ba8 27. Ndf3 Kg8 28. Qc2 Ne4 29. Bd7 Rd8 30. Be6+ Kh8 31. Nf7+ Rxf7 32. Bxf7 Qf4 33.
Be6 Re8 34. Bd7 Rd8 35. Be6 Re8 36. Bh3 Bb7 37. Rc1 Kg8 38. Qc7 Qh6 39. Be3 Qg6 40. Qxb7 d4 41. Bxd4 Nd6 42. Qd7 Nc4 0-1

[Event "Early-Titled-Tuesday-Blitz-August-29-2023"]
[Site "Chess.com"]
[Date "2023.08.29"]
[Round "7"]
[White "jasrom"]
[Black "BillCoe"]
[Result "1-0"]
[WhiteElo "2401"]
[BlackElo "2126"]
[TimeControl "180+1"]
[EndTime "9:17:15 PDT"]
[Termination "jasrom won by resignation"]

1. e4 c5 2. Nc3 e6 3. f4 Nc6 4. Nf3 g6 5. e5 d6 6. Bb5 Ne7 7. Ne4 dxe5 8. fxe5 Bg7 9. Nd6+ Kf8 10. O-O f5 11. exf6 Bxf6 12. Ne4 Kg7 13. Nxf6 Kxf6 14. d3 Kg7 15. Be3 b6 16. Bg5 Qd6 17. Qd2 Nf5 18. Bxc6 Qxc6 19. g4 h6 20. Bf4 Kh7 21. gxf5 gxf5 22.
Ne5 Rg8+ 23. Bg3 Qd5 24. Qg2 Bb7 25. Qxd5 Bxd5 26. Rae1 Raf8 27. Rf4 Rg5 28. Kf2 h5 29. Nf3 Rg7 30. c4 Bxf3 31. Kxf3 Rg6 32. Rh4 Rd8 33.
Rxh5+ Kg7 34. Ke3 Rg4 35. Be5+ Kg6 36. Rh3 Kg5 37. Rg3 Rg8 38. Rxg4+ fxg4 39. Bg3 Rf8 40. Ke2 Rf3 41. Rf1 Rf5 42. Rxf5+ 1-0

[Event "Early-Titled-Tuesday-Blitz-August-29-2023"]
[Site "Chess.com"]
[Date "2023.08.29"]
[Round "7"]
[White "Anton_Demchenko"]
[Black "tsaruk_maks"]
[Result "1-0"]
[WhiteElo "2936"]
[BlackElo "2760"]
[TimeControl "180+1"]
[EndTime "9:17:17 PDT"]
[Termination "Anton_Demchenko won by resignation"]

1. e4 e5 2. Nf3 Nc6 3. Bc4 Nf6 4. d3 Be7 5. Nc3 O-O 6. a4 d6 7. Bg5 Be6 8. Bxf6 Bxf6 9. Nd5 g6 10. a5 a6 11. h4 h5 12. Qd2 Bxd5 13. Bxd5 Ne7 14. Bb3 d5 15. Qe2 Qd6 16. Kf1 Rad8 17. Ra4 Kg7 18. g3 c5 19. exd5 Nxd5 20. Re4 Rfe8 21. Kg2 Nb4 22. Nd2 Nc6 23. Nc4 Qc7 24. Ba4 Re6 25. Bxc6 Qxc6 26. Re1 Kh7 27. Kg1 Rde8 28. Qf3 Qc7 29. g4 Bg7 30. gxh5 f5 31. R4e2 e4 32. dxe4 Qf7 33. exf5 gxf5 34. Rxe6 Rxe6 35. Rxe6 Qxe6 36. b3 Bd4 37. Qxb7+ Kh8 38. Qf3 Qg8+ 39. Kf1 Qe6 40. Kg2 Kh7 41. Nd2 Qg8+ 42. Kh1 Qe6 43. Nf1 Kh6 44.
Ng3 Qe1+ 45. Kg2 f4 46. Qxf4+ 1-0

[Event "Early-Titled-Tuesday-Blitz-August-29-2023"]
[Site "Chess.com"]
[Date "2023.08.29"]
[Round "7"]
[White "HansOnTwitch"]
[Black "TanitoluwaAps116"]
[Result "1-0"]
[WhiteElo "2932"]
[BlackElo "2773"]
[TimeControl "180+1"]
[EndTime "9:17:17 PDT"]
[Termination "HansOnTwitch won by resignation"]

1. e4 c5 2. Nf3 e6 3. b3 a6 4. Bb2 d5 5. exd5 exd5 6. g3 Nc6 7.
Bg2 Nf6 8. Qe2+ Be7 9. Bxf6 gxf6 10. O-O O-O 11. Nc3 f5 12. Ne5 Be6 13. Nxc6 bxc6 14. Qh5 Bf6 15. Rae1 Bg7 16. Ne2 Qf6 17. Nf4 Rfe8 18.
c3 Bd7 19. Nd3 Qd6 20. Bh3 c4 21. Nf4 cxb3 22. axb3 Qh6 23. Qf3 Re4 24. Bg2 Rae8 25. Qd1 R4e7 26. d4 Qd6 27. b4 Bh6 28. Nd3 f4 29.
Re5 f6 30. Rxe7 Rxe7 31. Qd2 Bg4 32. Re1 Kg7 33. Rxe7+ Qxe7 34. Nxf4 Bxf4 35. gxf4 Qe6 36.
Bf1 Bf3 37. h3 Qf5 38. Qe3 Qg6+ 39. Kh2 Be4 40. Qg3 Kf7 41. Qxg6+ hxg6 42. Bxa6 Ke6 43. Kg3 Kd6 44. Be2 Bf5 45. Bg4 Be4 46. f5 g5 47. f4 Bd3 48. fxg5 fxg5 49. h4 gxh4+ 50. Kxh4 Ke7 51. Kg5 Be4 52. f6+ Kf7 53. Bd7 1-0

[Event "Early-Titled-Tuesday-Blitz-August-29-2023"]
[Site "Chess.com"]
[Date "2023.08.29"]
[Round "7"]
[White "MikeSailer"]
[Black "knightinshiningarmour16"]
[Result "0-1"]
[WhiteElo "2167"]
[BlackElo "2123"]
[TimeControl "180+1"]
[EndTime "9:17:17 PDT"]
[Termination "knightinshiningarmour16 won on time"]

1. e4 c6 2. d4 d5 3. e5 Bf5 4. Nc3 e6 5. g4 Bg6 6. h4 h5 7. Nge2 hxg4 8. Nf4 Bf5 9. h5 g6 10. h6 g5 11. Nh5 Rxh6 12. Be2 c5 13.
Bxg4 Bxg4 14. Qxg4 Rg6 15. Be3 cxd4 16. Bxd4 Nc6 17.
O-O-O Qa5 18. Nf6+ Nxf6 19. exf6 O-O-O 20. Rh7 Nxd4 21. Qxd4 Bc5 22. Qe5 Bd6 23. Qe2 Qc7 24. Rdh1 Bf4+ 25. Kb1 a6 26. Rh8 Kb8 27. Rxd8+ Qxd8 28. Rh7 Qxf6 29.
Qf1 Ka7 30. Qh1 d4 31. f3 dxc3 32. bxc3 Qxc3 33. Qg1+ Be3 34. Qg4 Bd4 35. Kc1 Rf6 36. Rh8 Rxf3 37. Qxf3 Qxf3 0-1

[Event "Early-Titled-Tuesday-Blitz-August-29-2023"]
[Site "Chess.com"]
[Date "2023.08.29"]
[Round "7"]
[White "Dedic8"]
[Black "Fandorine"]
[Result "0-1"]
[WhiteElo "2833"]
[BlackElo "2951"]
[TimeControl "180+1"]
[EndTime "9:17:18 PDT"]
[Termination "Fandorine won by resignation"]

1. d4 Nf6 2. c4 g6 3. Nc3 Bg7 4. e4 d6 5. h3 e5 6. d5 Na6 7. Bd3 Nc5 8. Bc2 a5 9. Be3 Bd7 10. Nge2 O-O 11. g4 c6 12. Ng3 cxd5 13. cxd5 b5 14. g5 Ne8 15. h4 b4 16. Na4 Bxa4 17. Bxa4 f5 18. exf5 gxf5 19. Bxc5 dxc5 20. d6 Qxd6 21.
Qxd6 Nxd6 22. O-O-O Rad8 23. Rd5 e4 24. Rhd1 Bd4 25.
Ne2 Nc8 26. Bb3 Rxd5 27. Bxd5+ Kg7 28. Nxd4 cxd4 29. Rxd4 Rd8 30. Rd2 Ne7 31. Be6 Rxd2 32. Kxd2 f4 33. a3 h6 34. axb4 axb4 35. gxh6+ Kxh6 36.
Bg4 Nd5 37. Kc2 e3 38. f3 Nf6 39. Bc8 Kh5 40. Kd3 Kxh4 41. Ke2 Kg3 42. Bb7 Ne8 43. Be4 Nd6 44. Bd3 Nf7 45. Bf5 Ng5 46. Bg4 Nh3 0-1

[Event "Early-Titled-Tuesday-Blitz-August-29-2023"]
[Site "Chess.com"]
[Date "2023.08.29"]
[Round "7"]
[White "assezde36"]
[Black "DrDreBeats"]
[Result "0-1"]
[WhiteElo "2792"]
[BlackElo "2617"]
[TimeControl "180+1"]
[EndTime "9:17:18 PDT"]
[Termination "DrDreBeats won on time"]

1. e4 d5 2. exd5 Qxd5 3. Nf3 Bg4 4. Be2 Nc6 5. d4 O-O-O 6. Be3 e5 7. c4 Qa5+ 8. Bd2 Qa6 9. d5 Bxf3 10. Bxf3 Nd4 11.
b3 Qg6 12. O-O Nc2 13. Bh5 Qd3 14. Be2 Qg6 15. Nc3 Nxa1 16. Qxa1 Bc5 17. Na4 Bd4 18. Bc3 Bxc3 19. Qxc3 Nf6 20. Qa5 Kb8 21. Nc5 Nd7 22.
b4 Qb6 23. Qa3 a5 24. Nxd7+ Rxd7 25. bxa5 Qd4 26. Rb1 Rd6 27. Qb3 b6 28. Bf1 Rf6 29. Rb2 Qc5 30. a6 Ka7 31. Qg3 Rf4 32. Qxg7 Re8 33.
Qxh7 Qd4 34. Qc2 e4 35. g3 Rf6 36. c5 Re7 37. Kg2 e3 38. cxb6+ Rxb6 39. Rxb6 Qxd5+ 40. f3 cxb6 41. Be2 Qd2 42. Qc4 Rd7 43. g4 Qe1 44. Kh3 f6 45. g5 Rh7+ 0-1

[Event "Early-Titled-Tuesday-Blitz-August-29-2023"]
[Site "Chess.com"]
[Date "2023.08.29"]
[Round "7"]
[White "SRob2003"]
[Black "FormerProdigy"]
[Result "0-1"]
[WhiteElo "2641"]
[BlackElo "2870"]
[TimeControl "180+1"]
[EndTime "9:17:19 PDT"]
[Termination "FormerProdigy won by resignation"]

1. c4 e5 2. g3 c6 3. Bg2 d5 4. cxd5 cxd5 5. d4 e4 6. f3 Nf6 7. Nc3 Bb4 8. Bg5 O-O 9. fxe4 dxe4 10. Bxe4 h6 11. Bxf6 Qxf6 12. a3 Ba5 13. Bg2 Nc6 14. Nf3 Bg4 15. O-O Bxf3 16. Bxf3 Qxd4+ 17. Qxd4 Nxd4 18.
Nd5 Rfd8 19. Rad1 Nxf3+ 20. exf3 Kf8 21. b4 Bb6+ 22. Kg2 g6 23. a4 Rac8 24. a5 Rc2+ 25. Kh3 Bf2 26. Nf6 Rxd1 27. Rxd1 h5 28. Ne4 Be3 29.
g4 hxg4+ 30. fxg4 Bf4 31. Ng3 Rb2 32. Rd4 Be5 33. Rc4 Bd6 34. Rc8+ Kg7 35. g5 Rxb4 36. Ra8 a6 37. Re8 Bxg3 38. hxg3 Rb5 39. Rb8 Rxa5 40. Rxb7 Rxg5 41. Ra7 Rh5+ 42. Kg2 a5 43. g4 Rb5 44. Ra6 Kh6 45. Ra7 f6 46. Ra6 Kg5 47. Kf3 Rb3+ 48. Kf2 Ra3 49. Kg2 Ra4 50. Kf2 Kxg4 51.
Rxf6 Rf4+ 0-1

[Event "Early-Titled-Tuesday-Blitz-August-29-2023"]
[Site "Chess.com"]
[Date "2023.08.29"]
[Round "7"]
[White "JoliyRoger"]
[Black "AniJak"]
[Result "0-1"]
[WhiteElo "2487"]
[BlackElo "2390"]
[TimeControl "180+1"]
[EndTime "9:17:20 PDT"]
[Termination "AniJak won on time"]

1. Nf3 f5 2. d4 Nf6 3. Bg5 Ne4 4. Bh4 g6 5. Nbd2 d5 6. e3 Bg7 7. Be2 O-O 8. h3 Nc6 9. Rg1 Qd6 10. g4 f4 11.
exf4 Qxf4 12. c3 g5 13. Nxe4 gxh4 14. Nc5 b6 15. Nd3 Qe4 16. Nxh4 e5 17. dxe5 Nxe5 18. Nxe5 Qxe5 19. Qd3 a5 20. Nf3 Qe6 21. Ng5 Qg6 22. Qxg6 hxg6 23. O-O-O Rxf2 24. Bd3 Bh6 25. h4 Rh2 26. Kb1 Rxh4 27. Nf3 Rxg4 28. Ne5 Rxg1 29. Rxg1 g5 30. Nc6 Be6 31. Re1 Bf7 32. Ne7+ Kf8 33. Nf5 Bg6 34. Rf1 Bxf5 35. Bxf5 Kg7 36. Be6 Rf8 37.
Rd1 c6 38. Bd7 Rf6 39. a4 Rd6 40. Bg4 Kg6 41. Re1 Bg7 42. Re8 Rf6 43. Rc8 Bf8 44.
Ka2 Bc5 45. Bd7 d4 46. Bxc6 dxc3 47. bxc3 g4 48. Rg8+ Kh5 0-1

[Event "Early-Titled-Tuesday-Blitz-August-29-2023"]
[Site "Chess.com"]
[Date "2023.08.29"]
[Round "7"]
[White "Jospem"]
[Black "shimastream"]
[Result "1-0"]
[WhiteElo "3059"]
[BlackElo "2905"]
[TimeControl "180+1"]
[EndTime "9:17:21 PDT"]
[Termination "Jospem won by resignation"]

1. e4 e6 2. d4 d5 3. Nd2 c5 4. Ngf3 Nf6 5. exd5 Nxd5 6. c3 Nc6 7. Nb3 cxd4 8.
Nbxd4 Bd7 9. Nxc6 Bxc6 10. Bd3 Be7 11. Qe2 O-O 12. Ne5 Qc7 13. O-O Be8 14. Re1 Rd8 15. a3 f6 16. Ng4 Bf7 17. Qf3 Bd6 18. g3 Rfe8 19. Ne3 Nxe3 20. Bxe3 a6 21. Be4 b5 22. a4 Re7 23. axb5 axb5 24. Red1 Bg6 25. Ra7 Qb8 26. Ra8 Qc7 27. Rxd8+ Qxd8 28. Bc5 Rd7 29. Bc6 Bxc5 30. Rxd7 Qb6 31. Be4 Bxe4 32. Qxe4 Bxf2+ 33. Kg2 Bc5 34. Qa8+ Bf8 35. Rd8 Qc5 36. b4 Qe7 37. Re8 Qf7 38. Qc8 e5 39. Qe6 h5 40. Qxf7+ Kxf7 41. Rb8 Bd6 42. Rxb5 Ke6 43. c4 e4 44. c5 Be5 45. c6 Kd6 46. Rxe5 fxe5 47. b5 1-0

[Event "Early-Titled-Tuesday-Blitz-August-29-2023"]
[Site "Chess.com"]
[Date "2023.08.29"]
[Round "7"]
[White "CheckThis4"]
[Black "Haykoooo0o"]
[Result "0-1"]
[WhiteElo "2643"]
[BlackElo "2444"]
[TimeControl "180+1"]
[EndTime "9:17:23 PDT"]
[Termination "Haykoooo0o won on time"]

1. d4 Nf6 2. Bg5 e6 3. e4 d5 4. e5 h6 5. Be3 Nfd7 6. f4 c5 7. c3 Nc6 8. Nf3 cxd4 9. cxd4 Nb6 10. Nc3 Bd7 11. Bd3 Rc8 12. O-O Nb4 13. Bb1 a6 14. a3 Nc6 15. Nd2 Na5 16. f5 Nac4 17.
Nxc4 Nxc4 18. Qe2 Qb6 19. Rf2 Nxe3 20. Qxe3 Be7 21. Bd3 Bg5 22. Qf3 Qxd4 23. Re1 O-O 24. f6 gxf6 25. exf6 Rfe8 26. g3 e5 27. Nxd5 e4 28.
Rxe4 Rxe4 29. Bxe4 Rc1+ 30. Kg2 Be6 31. h4 Bd2 32. Nf4 Bxf4 33. Qxf4 Qd1 34. Rf1 Qxf1+ 35. Qxf1 Bh3+ 36. Kxh3 Rxf1 37. Bxb7 Rxf6 38. a4 Rb6 39. Bc8 a5 40. Bd7 Rxb2 41. Bb5 Kg7 42. Kg4 Rb4+ 43. Kf5 Rb3 44. g4 Rh3 45. h5 Rc3 46. Bd7 Rc5+ 47. Kf4 Kf6 48. Bb5 Rc3 49. Bd7 Rc4+ 50. Kf3 Kg5 51. Ke3 Rxg4 52. Bxg4 Kxg4 53.
Kd4 f5 54. Kc5 f4 0-1

[Event "Early-Titled-Tuesday-Blitz-August-29-2023"]
[Site "Chess.com"]
[Date "2023.08.29"]
[Round "7"]
[White "ChEsper99"]
[Black "ItsCheckM8Mate"]
[Result "0-1"]
[WhiteElo "2133"]
[BlackElo "2338"]
[TimeControl "180+1"]
[EndTime "9:17:23 PDT"]
[Termination "ItsCheckM8Mate won on time"]

1. e4 c6 2. Nc3 d5 3. Nf3 Bg4 4. h3 Bxf3 5. Qxf3 e6 6. d4 dxe4 7. Qe3 Nf6 8. Be2 Nbd7 9. O-O Be7 10. Nxe4 O-O 11. c3 Nxe4 12. Qxe4 Nf6 13. Qf3 Qd5 14.
Be3 a5 15. c4 Qxf3 16. Bxf3 Rfd8 17. Rfd1 Bf8 18. g4 h6 19. h4 Be7 20. Kg2 a4 21.
Kh3 Nd7 22. Bf4 Bf6 23. Rac1 e5 24. dxe5 Nxe5 25. Bxe5 Bxe5 26. Rxd8+ Rxd8 27. Rd1 Bd4 28. Kg2 Kf8 29. Rd2 Ke7 30. Bd1 a3 31. bxa3 c5 32. f4 Ra8 33. Rd3 Kd6 34. Kf3 Re8 35. Rb3 Kc7 36.
Bc2 Re1 37. Be4 b6 38. a4 Rf1+ 39. Kg3 Rg1+ 40. Kf3 Rf1+ 41. Kg3 Ra1 42. a5 bxa5 43.
Rb7+ Kd6 44. Rxf7 Rxa2 45. g5 hxg5 46. fxg5 Ke5 47. Bd5 Kd6 48. h5 a4 49. h6 gxh6 50. gxh6 a3 51. h7 Ra1 52. Be4 a2 53. Rf5 Rg1+ 54.
Kf3 a1=Q 55. Rd5+ Ke7 0-1

[Event "Early-Titled-Tuesday-Blitz-August-29-2023"]
[Site "Chess.com"]
[Date "2023.08.29"]
[Round "7"]
[White "wadsy27"]
[Black "KNVB"]
[Result "0-1"]
[WhiteElo "2605"]
[BlackElo "2794"]
[TimeControl "180+1"]
[EndTime "9:17:24 PDT"]
[Termination "KNVB won on time"]

1. Nf3 d5 2. g3 c6 3. Bg2 Bf5 4. c4 e6 5. Qb3 Qb6 6. d3 Nd7 7. Be3 Bc5 8. d4 Be7 9. c5 Qxb3 10. axb3 Bxb1 11. Rxb1 f5 12. b4 a6 13. Nd2 Bd8 14. Nb3 Bc7 15. Bf4 Kd8 16. h4 Ngf6 17. h5 Rb8 18.
Na5 Rf8 19. e3 e5 20. dxe5 Bxe5 21. Bf3 Kc7 22. O-O Rbe8 23. Nb3 Ne4 24. Rfd1 Kc8 25. Nd4 Bc7 26. Kg2 Ne5 27. Bxe5 Bxe5 28. Ne2 Kc7 29. Nf4 Rf7 30. Rd3 Bf6 31. b3 Rfe7 32. Rh1 Rf8 33. Ne2 Be5 34. Nd4 Ng5 35. Be2 Bf6 36. f4 Bxd4 37.
Rxd4 Ne4 38. Bf3 Nf6 39. Rd3 Rfe8 40. Re1 Kd7 41. Kf2 Ke6 42. Rd4 Kf7 43. Rd3 Ne4+ 44.
Bxe4 Rxe4 45. Rd4 Kf6 46. Rxe4 Rxe4 47. g4 fxg4 48. Kg3 Kf5 49. h6 g6 50. Kh4 Rxb4 0-1

[Event "Early-Titled-Tuesday-Blitz-August-29-2023"]
[Site "Chess.com"]
[Date "2023.08.29"]
[Round "7"]
[White "Zq1"]
[Black "FontVella8"]
[Result "1-0"]
[WhiteElo "2549"]
[BlackElo "2641"]
[TimeControl "180+1"]
[EndTime "9:17:24 PDT"]
[Termination "Zq1 won by resignation"]

1. d4 d5 2. Nf3 e6 3. c4 Nf6 4.
Nc3 c5 5. cxd5 Nxd5 6. g3 Nc6 7.
Bg2 Nxc3 8. bxc3 cxd4 9. cxd4 Bb4+ 10. Bd2 Bxd2+ 11. Qxd2 O-O 12. O-O Qd6 13. Rfd1 Rd8 14. Rac1 Bd7 15. Ng5 Be8 16. e3 Rac8 17. Qd3 g6 18. Ne4 Qe7 19. Qb3 b6 20. Qb2 Nb4 21. Rxc8 Rxc8 22. d5 Nxd5 23. Rxd5 exd5 24. Nf6+ Qxf6 25.
Qxf6 Rc1+ 26. Bf1 Bb5 27. Qd8+ Kg7 28. Qxd5 Bxf1 29. Qd2 Rb1 30. f3 Bh3+ 31. Kf2 h5 32. Qd4+ Kh7 33. g4 hxg4 34. fxg4 Bf1 35. h4 Ba6 36. h5 Rf1+ 37. Kg2 gxh5 38. Qa4 Bd3 39. Qb3 Ba6 40. gxh5 Rf5 41. Qc2 Bc8 42. Qxc8 Rxh5 43. Qd7 Kg6 44. Qxa7 b5 45. Qb6+ Kg7 46. Kf3 Rf5+ 47. Ke4 Rg5 48. Kd4 f6 49. e4 Kg6 50.
Qd8 Re5 51. Qg8+ Kh5 52. Qh7+ Kg4 53. Qg6+ Rg5 54. Qxf6 b4 55. Qxg5+ Kxg5 56. Kd5 b3 57.
axb3 1-0

[Event "Early-Titled-Tuesday-Blitz-August-29-2023"]
[Site "Chess.com"]
[Date "2023.08.29"]
[Round "7"]
[White "TC2304"]
[Black "Irina_Barchuk"]
[Result "0-1"]
[WhiteElo "2417"]
[BlackElo "2318"]
[TimeControl "180+1"]
[EndTime "9:17:25 PDT"]
[Termination "Irina_Barchuk won on time"]

1. c4 e5 2. Nc3 g6 3. g3 Bg7 4. Bg2 d6 5. e4 Nc6 6. Nge2 f5 7.
d3 Nf6 8. Nd5 h6 9. O-O O-O 10.
Nec3 Ne7 11. Nxe7+ Qxe7 12. Nd5 Nxd5 13. cxd5 f4 14.
d4 fxg3 15. hxg3 exd4 16. b3 c5 17. dxc6 bxc6 18. e5 Bb7 19. exd6 Qxd6 20. a4 Rf7 21. Ba3 c5 22. Rc1 Bxg2 23. Kxg2 Rc8 24. Qg4 Rfc7 25.
Rfe1 Qd5+ 26. Kg1 Qxb3 27. Qxg6 Qxa3 28. Re8+ Rxe8 29. Qxe8+ Kh7 30. Qe4+ Kg8 31. Qa8+ Bf8 32. Re1 Qb3 33. Re4 Rg7 34. Re8 Qf7 35. Qe4 Qd7 36. Re5 d3 37. Rd5 Qb7 38. Qxd3 Qc7 39. Qc4 Kh8 40. a5 Rg5 41. Rd3 Qe5 42. Rf3 Qe1+ 43. Kg2 Bg7 44. Qf7 Qe4 45. Qd7 c4 46. Qc8+ Kh7 47. Qc7 c3 48. a6 Rf5 49. Qc6 Qxc6 0-1